 Dungeon Crawl Stone Soup version 0.27.1-4-g1640c2035a (webtiles) character file.

Game seed: 16755343197988342335

670 ChickenMitten the Shield-Bearer (level 7, -5/55 HPs)
             Began as a Formicid Fighter on Nov 6, 2021.
             Killed by divine providence
             ... invoked by an orc priest
              (8 damage)
             ... on level 5 of the Dungeon.
             The game lasted 00:07:29 (5306 turns).

ChickenMitten the Shield-Bearer (Formicid Fighter)  Turns: 5306, Time: 00:07:30

Health: -5/55      AC: 14    Str: 23    XL:     7   Next: 89%
Magic:  7/7        EV:  5    Int:  7    God:
Gold:   301        SH: 16    Dex: 10    Spells: 6/6 levels left

rFire    + . .     SeeInvis +   f - +1 whip (freeze)
rCold    . . .     Faith    .   h - +0 tower shield
rNeg     . . .     Spirit   .   t - +3 chain mail {rPois}
rPois    +         Reflect  .   (helmet unavailable)
rElec    .         Harm     .   s - +0 cloak
rCorr    .         Rampage  .   (no gloves)
Will     .....                  (no boots)
Stlth    ..........             (no amulet)
HPRegen  0.18/turn              v - ring of protection from fire
MPRegen  0.10/turn              (no ring)

@: no status effects
A: permanent stasis, dig shafts and tunnels, antennae 3, four strong arms
a: Dig, Shaft Self


You were on level 5 of the Dungeon.
You visited 1 branch of the dungeon, and saw 5 of its levels.

You collected 301 gold pieces.

Inventory:

Hand Weapons
 a - a +0 war axe
 f - a +1 whip of freezing (weapon)
Armour
 b - a +0 scale mail
 c - a +0 kite shield
 h - a +0 tower shield (worn)
 s - a +0 cloak (worn)
 t - a +3 chain mail of poison resistance (worn)
Jewellery
 k - a ring of flight
 v - a ring of protection from fire (left hand)
Wands
 d - a wand of flame (16)
 x - a wand of iceblast (8)
Scrolls
 g - a scroll of magic mapping {unknown}
 i - a scroll of enchant armour {unknown}
 j - 2 scrolls of fear
 l - a scroll of enchant weapon
 m - 5 scrolls of noise
 n - a scroll of immolation {unknown}
 p - a scroll of blinking {unknown}
 q - 2 scrolls of teleportation {unknown}
 w - a scroll of amnesia {unknown}
 y - 2 scrolls of identify
Potions
 e - a potion of invisibility
 o - a potion of ambrosia
 r - 2 potions of curing {unknown}
 u - a potion of heal wounds {unknown}
 z - a potion of cancellation {unknown}


   Skills:
 * Level 4.5 Fighting
 * Level 3.8(4.2) Axes
 + Level 2.3(3.4) Maces & Flails
 * Level 5.2 Armour
 * Level 6.8 Shields


You had 6 spell levels left.
You didn't know any spells.
Your spell library contained the following spells:

 Spells                   Type           Power      Damage    Failure   Level
 Summon Small Mammal      Summ           0%         N/A       100%        1
 Ensorcelled Hibernation  Hex/Ice        0%         N/A       100%        2
 Static Discharge         Conj/Air       0%         N/A       100%        2
 Call Canine Familiar     Summ           0%         N/A       100%        3
 Ozocubu's Armour         Ice            0%         N/A       100%        3
 Spider Form              Tmut/Pois      0%         N/A       100%        3
 Summon Guardian Golem    Hex/Summ       0%         N/A       100%        3
 Lightning Bolt           Conj/Air       0%         1d11      100%        5
 Metabolic Englaciation   Hex/Ice        0%         N/A       100%        5
 Shadow Creatures         Summ           N/A        N/A       100%        6
 Simulacrum               Ice/Necr       0%         N/A       100%        6
 Maxwell's Capacitive Co  Air            0%         ∞         100%        8


Dungeon Overview and Level Annotations

Branches:
Dungeon (5/15)
 Temple: D:4-7

Altars:


Innate Abilities, Weirdness & Mutations

You cannot be hasted, slowed, berserked, paralysed or teleported.
You can dig through walls and to a lower floor.
You have a pair of large antennae on your head. (SInv)
Your four strong arms can wield two-handed weapons with a shield.


Message History

An orc wizard is nearby!
An orc wizard is nearby!
A scorpion comes into view.
The orc wizard casts a spell at you.
You easily resist.
An orc wizard comes into view. It is wielding a +0 dagger.
An orc priest comes into view. It is wielding a +0 hand axe.
The orc wizard shouts!
The orc wizard points at you and mumbles some strange words.
You block the puff of flame.
You hit the scorpion. You freeze the scorpion.
The scorpion is moderately wounded.
The orc wizard casts a spell.
The orc wizard flickers and vanishes for a moment.
You block the scorpion's attack.
A scorpion comes into view.
The orc wizard gestures wildly while chanting.
The orc wizard flickers and vanishes for a moment.
You block the scorpion's attack.
The orc priest invokes the aid of Beogh against you.
Beogh smites you! The scorpion stings you. The scorpion barely misses you.
The orc wizard hits you but does no damage.
The orc priest calls down the wrath of Beogh upon you.
Pain shoots through your body!
The orc priest mumbles some strange prayers to Beogh against you.
Beogh smites you!
* * * LOW HITPOINT WARNING * * *
The orc wizard gestures at you while chanting.
The magic dart hits you.
* * * LOW HITPOINT WARNING * * *
You block the scorpion's attack.
The orc priest invokes the aid of Beogh against you.
Beogh smites you!
* * * LOW HITPOINT WARNING * * *
The orc priest looks braver for a moment.
You block the scorpion's attack.
The orc priest calls down the wrath of Beogh upon you.
Beogh smites you!
You die...

#.....##.[...#####.##.##...
...##.......................
........##...#.......#.<....
.........##..........###.###
..####...###.............#.# #
###..##........[....... ##
##..#..........####### #..
#..##........#.##### # #..#
##...#@.#........##.###
#..###.....s..........#.....
.##....#.....s................
............oo............###.
........#..................#..
........##....................
......#......#o..#...........#
.....####....#............####
..#.##.###...............## #.


You could see 2 scorpions, an orc priest and 2 orc wizards.

Vanquished Creatures
  A water moccasin (D:4)
  An ogre (D:5)
  A scorpion (D:4)
  A water moccasin skeleton (D:4)
  A howler monkey (D:5)
  A centaur zombie (D:5)
  A hound (D:4)
  A jelly (D:5)
  2 bullfrog skeletons
  Terence (D:3)
  Jessica (D:2)
  5 adders
  An ufetubus (D:5)
  A worm (D:5)
  2 dart slugs
  5 ball pythons
  5 bats
  10 endoplasms
  6 giant cockroaches
  7 goblins
  8 hobgoblins
  3 jackals (D:1)
  4 quokkas
  3 frilled lizards
  11 kobolds
  6 rats
89 creatures vanquished.

Vanquished Creatures (others)
  3 fungi (D:2)
  3 plants (D:2)
6 creatures vanquished.

Grand Total: 95 creatures vanquished

Notes
Turn   | Place    | Note
-------+----------+-------------------------------------------
     0 | D:1      | ChickenMitten the Formicid Fighter began the quest for the
                  | Orb.
     0 | D:1      | Reached XP level 1. HP: 18/18 MP: 1/1
   179 | D:1      | Reached XP level 2. HP: 21/24 MP: 2/2
   573 | D:1      | Reached skill level 4 in Shields
   601 | D:1      | Reached XP level 3. HP: 24/29 MP: 3/3
  1579 | D:2      | Reached XP level 4. HP: 36/36 MP: 4/4
  1737 | D:2      | Noticed Jessica
  1742 | D:2      | Killed Jessica
  1815 | D:2      | Found a faded altar of an unknown god.
  1898 | D:2      | Reached XP level 5. HP: 25/42 MP: 5/5
  2757 | D:3      | Noticed Terence
  3280 | D:3      | Killed Terence
  3748 | D:4      | Reached skill level 1 in Maces & Flails
  3748 | D:4      | Reached skill level 5 in Shields
  3748 | D:4      | Reached XP level 6. HP: 24/48 MP: 6/6
  4246 | D:4      | Noticed a water moccasin
  4356 | D:4      | Killed a water moccasin
  4692 | D:5      | Entered Level 5 of the Dungeon
  4732 | D:5      | Reached XP level 7. HP: 54/54 MP: 7/7
  4793 | D:5      | Reached skill level 5 in Armour
  4793 | D:5      | Reached skill level 6 in Shields
  5306 | D:5      | Killed from afar by an orc priest

Illustrated notes

Levels and vault maps discovered:
D:1:      shiori_arrival_oz, layout_basic, minmay_pentomino_t4
D:2:      layout_loops_corners, dreamdust_ecumenical_altar_hidden_monk_grotto,
          uniq_jessica
D:3:      layout_rooms, uniq_terence
D:4:      kennysheep_big_flooded_room, layout_basic, minmay_puff
D:5:      layout_cave_pools

Skill      XL: |  1  2  3  4  5  6  7 |
---------------+----------------------+-----
Shields        | 4 5 6 |  6.8
Axes           | 3 |  3.8
Armour         | 4 5 |  5.2
Fighting       | 4 |  4.5
Maces & Flails | 1 2 |  2.3

Action                   |  1- 3 |  4- 6 |  7- 9 || total
-------------------------+-------+-------+-------++-------
Melee: War axe           |    63 |       |       ||    63
       Whip              |    46 |   191 |    87 ||   324
  Use: Scroll            |       |     3 |       ||     3
       Potion            |       |     3 |       ||     3
Armor: Scale mail        |    68 |    23 |       ||    91
       Chain mail        |       |    52 |    81 ||   133
Dodge: Dodged            |    28 |    35 |    24 ||    87
Block: Kite shield       |    50 |       |       ||    50
       Tower shield      |       |   188 |   128 ||   316
